 Dungeon Crawl Stone Soup version 0.30.1 (webtiles) character file.

Game seed: 7722231860572053996

240 Graphine the Sneak (level 6, -1/37 HPs)
             Began as a Kobold Brigand on July 3, 2023.
             Slain by an iguana (6 damage)
             ... on level 4 of the Dungeon.
             The game lasted 00:05:40 (3172 turns).

Graphine the Sneak (Kobold Brigand)                 Turns: 3172, Time: 00:05:41

Health: -1/37      AC:  6    Str:  8    XL:     6   Next: 29%
Magic:  6/6        EV: 15    Int: 12    God:
Gold:   185        SH:  0    Dex: 19    Spells: 5/5 levels left

rFire   . . .        a - +2 dagger
rCold   . . .        (no shield)
rNeg    . . .        b - +0 robe
rPois   .            i - +2 helmet
rElec   .            c - +0 cloak
rCorr   .            (no gloves)
SInv    .            (no boots)
Will    .....        (no amulet)
Stlth   +++++        (no ring)
HPRegen 0.26/turn    (no ring)
MPRegen 0.10/turn

%: no passive effects
@: no status effects
A: small, no large weapons, nightstalker 3
a: no special abilities


You were on level 4 of the Dungeon.
You visited 1 branch of the dungeon, and saw 4 of its levels.

You collected 185 gold pieces.

Inventory:

Hand Weapons
 a - a +2 dagger (weapon)
Missiles
 d - 9 poisoned darts
 e - 9 curare-tipped darts
Armour
 b - a +0 robe (worn)
 c - a +0 cloak (worn)
 i - a +2 helmet (worn)
Jewellery
 f - a ring of ice
 g - a ring of fire
Wands
 m - a wand of flame (3) (quivered)
Scrolls
 j - a scroll of identify
 q - a scroll of teleportation
Potions
 h - 2 potions of brilliance
 k - 2 potions of haste
 l - a potion of degeneration {unknown}
 n - a potion of attraction {unknown}
 o - a potion of flight {unknown}
 p - 2 potions of might {unknown}


   Skills:
 + Level 3.3 Fighting
 + Level 4.2 Short Blades
 - Level 2.3 Throwing
 + Level 3.0 Dodging
 * Level 7.0 Stealth
 * Level 2.4 Evocations


You had 5 spell levels left.
You didn't know any spells.
Your spell library contained the following spells:

 Spells                   Type           Power      Damage    Failure   Level
 Kiss of Death            Conj/Necr      0%         2d5       32%         1
 Confusing Touch          Hex            0%         N/A       69%         3
 Ozocubu's Armour         Ice            0%         N/A       69%         3
 Dispel Undead            Necr           0%         3d6       97%         4
 Ozocubu's Refrigeration  Ice            0%         4d7       100%        7


Dungeon Overview and Level Annotations

Branches:
Dungeon (4/15)
 Temple: D:4-7

Altars:


Innate Abilities, Weirdness & Mutations

You are small and have problems with some larger weapons.
You are completely attuned to the shadows.


Message History

The iguana completely misses you.
You barely miss the iguana.
The iguana is lightly wounded.
The iguana bites you!
You are too injured to fight recklessly!
You are too injured to fight recklessly!
You are too injured to fight recklessly!
You are too injured to fight recklessly!
Aiming: Throw Flame
Press: ? - help, Q - select action, (/) - cycle Shift-Dir - straight line, f/p - iguana
Aim: an iguana (lightly wounded, 75% to hit)
The puff of flame hits the iguana.
The iguana is heavily wounded.
The iguana bites you!
* * * LOW HITPOINT WARNING * * *
Aiming: Throw Flame
Press: ? - help, Q - select action, (/) - cycle Shift-Dir - straight line, f/p - iguana
Aim: an iguana (heavily wounded, 75% to hit)
The puff of flame hits the iguana.
The iguana is heavily wounded.
The iguana misses you.
Hit: a) +2 dagger
Press: ? - help, Dir - move target, f/p - iguana
Aim: an iguana (heavily wounded, about 27% to evade your +2 dagger)
You hit the iguana.
The iguana is severely wounded.
The iguana completely misses you.
Unknown command.
Hit: a) +2 dagger
Press: ? - help, Dir - move target, f/p - iguana
Aim: an iguana (severely wounded, about 27% to evade your +2 dagger)
Okay, then.
Okay, then.
Hit: a) +2 dagger
Press: ? - help, Dir - move target, f/p - iguana
Aim: an iguana (severely wounded, about 27% to evade your +2 dagger)
You closely miss the iguana. You punch the iguana, but do no damage.
The iguana is severely wounded.
The iguana bites you.
You die...

.......#
####.###
#....# #.####
#.# #......
#.# #......
#.# #......
#?#####..l..#
#.#.....@...#
#.#^#.......#
#.#.........#
#.#.....#+###
#.#####.#.#
#....†..#.#
#......†....#
#########.###
#.#


You could see an iguana.

Vanquished Creatures
  A phantom (D:3)
  An orc wizard (D:3)
  Robin (D:2)
  2 adders
  A worm (D:2)
  3 dart slugs
  16 orcs
  4 ball pythons
  2 bats
  5 endoplasms
  2 giant cockroaches (D:2)
  11 goblins
  10 hobgoblins
  7 jackals
  3 quokkas
  A frilled lizard (D:1)
  7 kobolds
  6 rats
83 creatures vanquished.

Notes
Turn   | Place    | Note
-------+----------+-------------------------------------------
     0 | D:1      | Graphine the Kobold Brigand began the quest for the Orb.
     0 | D:1      | Reached XP level 1. HP: 12/12 MP: 1/1
   322 | D:1      | Reached XP level 2. HP: 11/18 MP: 2/2
   408 | D:1      | Found a faded altar of an unknown god.
  1135 | D:2      | Reached XP level 3. HP: 22/22 MP: 3/3
  1444 | D:2      | Noticed Robin
  1474 | D:2      | Reached skill level 6 in Stealth
  1488 | D:2      | Killed Robin
  1489 | D:2      | Reached XP level 4. HP: 10/27 MP: 4/4
  2124 | D:3      | Reached XP level 5. HP: 29/32 MP: 5/5
  2156 | D:3      | Noticed a phantom
  2160 | D:3      | Killed a phantom
  2161 | D:3      | Reached skill level 1 in Evocations
  2441 | D:3      | Reached XP level 6. HP: 31/37 MP: 6/6
  2992 | D:4      | Reached skill level 7 in Stealth
  3172 | D:4      | Slain by an iguana

Illustrated notes

Levels and vault maps discovered:
D:1:      minmay_arrival_four_circles, layout_loops_ring, serial_forest,
          infiniplex_forest_lined_4_way, infiniplex_forest_end_3,
          infiniplex_forest_lined_4_way, infiniplex_forest_clump_tiny,
          infiniplex_forest_lined_2, infiniplex_forest_end_2,
          hellmonk_ecumenical_altar_arch_garden
D:2:      layout_basic, kennysheep_boxes, uniq_robin
D:3:      layout_rooms
D:4:      layout_basic, temple_fountains, uniq_natasha

Skill      XL: |  1  2  3  4  5  6 |
---------------+-------------------+-----
Short Blades   | 3 4 |  4.2
Dodging        | 2 3 |  3.0
Stealth        | 6 7 |  7.0
Fighting       | 3 |  3.3
Evocations     | 2 |  2.4
Throwing       | |  2.3

Action                     |  1- 3 |  4- 6 || total
---------------------------+-------+-------++-------
  Melee: Dagger            |    85 |   148 ||   233
         Punch             |     1 |     3 ||     4
  Evoke: Wand              |       |     7 ||     7
    Use: Scroll            |     6 |     6 ||    12
         Potion            |     1 |     1 ||     2
   Stab: Sleeping          |    13 |    22 ||    35
         Distracted        |     1 |       ||     1
 Armour: Robe              |     6 |    35 ||    41
  Dodge: Dodged            |    29 |    84 ||   113
